 Dungeon Crawl Stone Soup version 0.23.1 (webtiles) character file.

Game seed: 2273843307604364232

49 poirepourri the Cudgeler (level 3, -5/34 HPs)
             Began as a Gargoyle Fighter on Mar 5, 2019.
             Slain by Sigmund
             ... wielding a +0 scythe
              (6 damage)
             ... on level 2 of the Dungeon.
             The game lasted 00:01:33 (1125 turns).

poirepourri the Cudgeler (Gargoyle Fighter)         Turns: 1125, Time: 00:01:34

Health: -5/34      AC: 21    Str: 24    XL:     3   Next: 77%
Magic:  3/3        EV:  2    Int:  8    God:
Gold:   14         SH:  0    Dex: 10    Spells: 2/2 levels left

rFire    . . .     SeeInvis .   a - +0 flail
rCold    . . .     Gourm    .   c - +0 shield
rNeg     + + +     Faith    .   (armour currently unavailable)
rPois    ∞         Spirit   .   (helmet currently unavailable)
rElec    .         Reflect  .   (cloak currently unavailable)
rCorr    .         Harm     .   (gloves currently unavailable)
MR       .....     NoTele   +   (boots currently unavailable)
Stlth    +.........             (no amulet)
HPRegen  0.11/turn              (no ring)
MPRegen  0.08/turn              (no ring)

@: confused, mighty, tree-form, hasted, very quick
A: negative energy resistance 1, petrification resistance, rot immunity, AC +3
a: no special abilities


You were on level 2 of the Dungeon.
You were full.
You were a tree.
You visited 1 branch of the dungeon, and saw 2 of its levels.

You collected 14 gold pieces.

Inventory:

Hand Weapons
 a - a +0 flail (weapon)
Missiles
 g - 15 bolts
Armour
 b - a +0 scale mail (melded)
 c - a +0 shield (worn)
 i - a +0 pair of boots (melded)
Comestibles
 f - a ration


   Skills:
 - Level 3.2 Fighting
 + Level 4.0 Maces & Flails
 - Level 3.2 Armour
 - Level 3.2 Shields


You had 2 spell levels left.
You didn't know any spells.
Your spell library was empty.

Dungeon Overview and Level Annotations

Branches:
Dungeon (2/15)

Altars:

Annotations:
D:2 Sigmund


Innate Abilities, Weirdness & Mutations

You are resistant to torment.
((Your stone body is resilient. (AC +3)))
You are immune to poison.
You resist negative energy. (rN+)
((You are resistant to electric shocks. (rElec)))
((You can survive without breathing.))
You are immune to petrification.
You are immune to rotting.


Message History

Sigmund hits you but does no damage. You block Sigmund's attack.
Sigmund casts a spell at you.
You are confused.
You cannot move. (Use ctrl+direction or * direction to attack without moving.)
The jackal bites you but does no damage.
Sigmund hits you but does no damage. The jackal bites you.
* * * LOW HITPOINT WARNING * * *
The jackal bites you but does no damage.
The kobold hits you but does no damage. Sigmund hits you but does no damage.
The jackal bites you but does no damage.
The kobold hits you.
* * * LOW HITPOINT WARNING * * *
You cannot move. (Use ctrl+direction or * direction to attack without moving.)
You cannot move. (Use ctrl+direction or * direction to attack without moving.)
You cannot move. (Use ctrl+direction or * direction to attack without moving.)
The jackal bites you but does no damage.
Sigmund hits you from afar with a +0 scythe.
You die...

#####)######
#............
###.....#######
##........#####
#..............
#.........####.
#......†..####.#
#.###..†)K.......
#..%....♣h.......
####...........#
#...@$......#
#####).###.##
#.## P.. #.# ..
.P .#


You could see Sigmund, a jackal and a kobold.

Vanquished Creatures
  An adder (D:2)
  An ooze (D:2)
  A dart slug (D:2)
  2 leopard geckos
  3 ball pythons (D:1)
  5 bats
  5 goblins
  2 hobgoblins (D:1)
  A jackal (D:2)
  4 frilled lizards (D:1)
  5 kobolds
  3 rats (D:1)
33 creatures vanquished.

Notes
Turn   | Place    | Note
-------+----------+-------------------------------------------
     0 | D:1      | poirepourri the Gargoyle Fighter began the quest for the
                  | Orb.
     0 | D:1      | Reached XP level 1. HP: 14/14 MP: 1/1
    97 | D:1      | Reached XP level 2. HP: 9/19 MP: 2/2
   496 | D:1      | Reached skill level 3 in Maces & Flails
   783 | D:1      | Reached XP level 3. HP: 23/23 MP: 3/3
  1084 | D:2      | Noticed Sigmund
  1096 | D:2      | Reached skill level 4 in Maces & Flails
  1124 | D:2      | HP: 1/34 [kobold (1)]
  1125 | D:2      | Slain by Sigmund

Skill      XL: |  1  2  3 |
---------------+----------+-----
Maces & Flails | 3 4 |  4.0
Fighting       | |  3.2
Armour         | |  3.2
Shields        | |  3.2

Action                   || total
-------------------------++-------
Melee: Flail             ||   166
  Use: Scroll            ||     4
       Potion            ||     3
  Eat: Ration            ||     2
Armor: Scale mail        ||   125
       Skin              ||    31
Dodge: Dodged            ||    79
Block: Shield            ||   115
